 Dungeon Crawl Stone Soup version 0.30-a0-852-g08b95dd62f (webtiles) character file.

Game seed: 13636103538957042909

1230 Ceno the Trooper (level 8, -5/79 (87) HPs)
             Began as an Ogre Warper on Mar 5, 2023.
             Killed from afar by an electric eel (10 damage)
             ... with a bolt of electricity
             ... on level 6 of the Dungeon.
             The game lasted 00:19:18 (6853 turns).

Ceno the Trooper (Ogre Warper)                      Turns: 6853, Time: 00:19:19

HP:   -5/79 (87)    AC:  3    Str: 16    XL:     8   Next: 48%
MP:   8/11          EV: 14    Int: 16    God:
Gold: 285           SH:  0    Dex:  8    Spells: 1/11 levels left

rFire   . . .      SeeInvis .    a - +0 mace
rCold   + . .      Faith    .    (no shield)
rNeg    . . .      Spirit   .    G - +0 robe {rC+}
rPois   .          Reflect  .    (helmet restricted)
rElec   .          Rampage  .    (no cloak)
rCorr   .                        (gloves unavailable)
Will    .....                    (boots unavailable)
Stlth   +                        (no amulet)
HPRegen 0.33/turn                j - +5 ring of evasion
MPRegen 0.12/turn                s - ring of wizardry

@: drained
A: large, unfitting armour, tough skin 1
a: no special abilities


You were on level 6 of the Dungeon.
You visited 1 branch of the dungeon, and saw 6 of its levels.

You collected 285 gold pieces.

Inventory:

Hand Weapons
 a - a +0 mace (weapon)
 y - a +1 giant spiked club
Missiles
 d - 7 boomerangs of dispersal
 e - 35 stones (quivered)
 g - 10 poisoned darts
 l - 6 large rocks
 q - 3 boomerangs
Armour
 G - a +0 robe of cold resistance (worn)
Jewellery
 j - a +5 ring of evasion (left hand)
 s - a ring of wizardry (right hand)
 B - a ring of see invisible
Wands
 z - a wand of polymorph (6)
Scrolls
 b - a scroll of identify
 c - a scroll of blinking
 f - 3 scrolls of teleportation
 h - 3 scrolls of enchant armour
 i - a scroll of fear {unknown}
 o - a scroll of immolation
 u - a scroll of enchant weapon
 v - a scroll of brand weapon {unknown}
 A - 2 scrolls of torment {unknown}
 F - a scroll of noise {unknown}
Potions
 k - 4 potions of curing
 m - a potion of heal wounds
 n - a potion of attraction
 p - a potion of flight {unknown}
 r - a potion of lignification
 t - 2 potions of cancellation
 x - 2 potions of invisibility
 C - a potion of brilliance {unknown}
 D - a potion of haste {unknown}
 E - a potion of degeneration {unknown}


   Skills:
 + Level 7.0 Fighting
 * Level 6.6 Maces & Flails
 - Level 1.0 Throwing
 - Level 2.1 Dodging
 - Level 2.4 Spellcasting
 + Level 5.2 Translocations


You had one spell level left.
You knew the following spells:

 Your Spells              Type           Power      Damage    Failure   Level
a - Blink                 Tloc           36%        N/A       1%          2
b - Teleport Other        Tloc           18%        N/A       2%          3
c - Lesser Beckoning      Tloc           36%        N/A       1%          2
d - Vhi's Electric Charg  Tloc/Air       20%        N/A       9%          3

Your spell library contained the following spells:

 Spells                   Type           Power      Damage    Failure   Level
 Kiss of Death            Conj/Necr      4%         2d5       9%          1
 Portal Projectile        Hex/Tloc       20%        N/A       9%          3
 Manifold Assault         Tloc           18%        N/A       9%          4
 Confusing Touch          Hex            1%         N/A       24%         3
 Tukima's Dance           Hex            1%         N/A       24%         3
 Dispel Undead            Necr           1%         3d6       58%         4
 Blade Hands              Tmut           0%         N/A       89%         5


Dungeon Overview and Level Annotations

Branches:
Dungeon (6/15)
 Temple: D:4-7

Altars:


Innate Abilities, Weirdness & Mutations

You are too large for most types of armour.
You have tough skin. (AC +1)


Message History

Aiming: Lesser Beckoning (safe; 1% risk of failure)
Press: ? - help, Shift-Dir - straight line, f/p - electric eel
Aim: an electric eel (100% to hit)
The electric eel hurls suddenly forward!
The electric eel shoots out a bolt of lightning at you!
The bolt of electricity hits you!
You hit the electric eel.
The electric eel is moderately wounded.
You closely miss the electric eel.
The electric eel is moderately wounded.
The electric eel shoots out a bolt of lightning at you!
The bolt of electricity hits you!
You sock the electric eel!
The electric eel is severely wounded.
The electric eel shoots out a bolt of lightning at you!
The bolt of electricity hits you!
You are too injured to fight recklessly!
You closely miss the electric eel.
The electric eel is severely wounded.
Your magical contamination has completely faded away.
You closely miss the electric eel.
The electric eel is severely wounded.
The electric eel shoots out a bolt of lightning at you!
The bolt of electricity hits you!
* * * LOW HITPOINT WARNING * * *
You hit the electric eel but do no damage.
The electric eel is severely wounded.
You closely miss the electric eel.
The electric eel is severely wounded.
The electric eel shoots out a bolt of lightning at you!
The bolt of electricity hits you.
* * * LOW HITPOINT WARNING * * *
You barely miss the electric eel.
The electric eel is severely wounded.
The electric eel shoots out a bolt of lightning at you!
The bolt of electricity hits you!
* * * LOW HITPOINT WARNING * * *
The electric eel shoots out a bolt of lightning at you!
The bolt of electricity hits you!
You die...

#.#.......+...........#)#
#.#.#.....##.######'###.#
#.#.##'#####[# #.###.#
#.#..#.# #.# #.....#
#.##.#.#####.# #.....#
#............# #.....#
############.#########..#..#
............................
...........@................
~~~~~~.~~~.)S~~~.~.~~~~~~...
~~~≈~~~~~~~~~~~≈~~≈~≈≈~~~~~~
≈≈≈≈~≈≈≈≈≈≈≈≈~≈≈≈≈≈≈≈≈≈≈≈≈≈~
≈≈≈≈≈≈≈#####≈≈≈≈≈≈≈≈≈≈≈≈≈≈≈≈
≈≈≈≈≈≈≈ #################
≈≈≈≈≈≈≈ ≈≈≈≈≈≈≈


You could see an electric eel.

Vanquished Creatures
  Grinder (D:3)
  A water moccasin (D:5)
  An ogre (D:5)
  A phantom (D:6)
  A bullfrog (D:6)
  2 scorpions
  A wight (D:6)
  An electric eel (D:6)
  A hound (D:4)
  A jelly (D:3)
  2 orc priests
  2 iguanas (D:5)
  3 orc wizards
  Natasha (twice) (D:4)
  10 adders
  A shadow imp (D:5)
  A white imp (D:6)
  2 worms
  5 dart slugs
  10 orcs
  7 bats
  7 endoplasms
  5 giant cockroaches
  13 goblins
  3 hobgoblins
  5 kobolds
  3 quokkas (D:1)
  9 ball pythons
  5 rats
106 creatures vanquished.

Notes
Turn   | Place    | Note
-------+----------+-------------------------------------------
     0 | D:1      | Ceno the Ogre Warper began the quest for the Orb.
     0 | D:1      | Reached XP level 1. HP: 22/22 MP: 3/3
   167 | D:1      | Reached skill level 3 in Fighting
   167 | D:1      | Reached XP level 2. HP: 30/31 MP: 5/5
   176 | D:1      | Learned a level 2 spell: Blink
   625 | D:1      | Reached XP level 3. HP: 34/37 MP: 6/6
   629 | D:1      | Learned a level 3 spell: Teleport Other
  1292 | D:2      | Identified the +1 robe of Classification {Harm rN+ Stlth+}
  1917 | D:2      | Reached XP level 4. HP: 46/46 MP: 7/7
  2014 | D:3      | Learned a level 2 spell: Lesser Beckoning
  2146 | D:3      | Noticed a phantom
  2211 | D:3      | Noticed Grinder
  2296 | D:3      | Reached skill level 4 in Fighting
  2296 | D:3      | Reached XP level 5. HP: 51/54 MP: 8/8
  2549 | D:3      | Paralysed by Grinder for 3 turns
  2563 | D:3      | Paralysed by Grinder for 4 turns
  2572 | D:3      | Killed Grinder
  2573 | D:3      | Reached XP level 6. HP: 28/65 MP: 7/9
  2980 | D:4      | Reached skill level 5 in Fighting
  3491 | D:4      | Reached XP level 7. HP: 59/72 MP: 10/10
  3714 | D:4      | Noticed Natasha
  3730 | D:4      | Killed Natasha
  3731 | D:4      | Reached skill level 5 in Maces & Flails
  3816 | D:5      | Entered Level 5 of the Dungeon
  3913 | D:4      | Noticed Natasha
  3921 | D:4      | Killed Natasha
  4321 | D:5      | Learned a level 3 spell: Vhi's Electric Charge
  4836 | D:5      | Reached skill level 6 in Fighting
  5320 | D:5      | Reached XP level 8. HP: 33/83 MP: 11/11
  5624 | D:5      | Noticed a wyvern
  5757 | D:6      | Reached skill level 5 in Translocations
  6793 | D:6      | Reached skill level 7 in Fighting
  6853 | D:6      | Killed from afar by an electric eel

Illustrated notes

Levels and vault maps discovered:
D:1:      roderic_crop_circles_arrival_small, layout_basic
D:2:      layout_basic
D:3:      layout_rooms, uniq_grinder
D:4:      layout_gridville, minmay_checkerbox, uniq_natasha
D:5:      layout_rooms, nicolae_figureground_pulse
D:6:      minmay_goblin_kobold_castle, layout_basic, minmay_temple_entry_fiery,
          minmay_between

Skill      XL: |  1  2  3  4  5  6  7  8 |
---------------+-------------------------+-----
Maces & Flails | 2 3 4 5 6 |  6.6
Fighting       | 3 4 5 6 7 |  7.0
Translocations | 3 4 5 |  5.2
Throwing       | |  1.0
Dodging        | |  2.1
Spellcasting   | |  2.4

Action                     |  1- 3 |  4- 6 |  7- 9 || total
---------------------------+-------+-------+-------++-------
  Melee: Mace              |   132 |   156 |   260 ||   548
         Punch             |       |     1 |     2 ||     3
  Throw: Stone             |     3 |     3 |     5 ||    11
         Dart              |       |     3 |     3 ||     6
         Large rock        |       |       |     2 ||     2
   Cast: Lesser Beckoning  |       |     8 |    14 ||    22
         Teleport Other    |       |       |    15 ||    15
         Vhi's Electric Ch |       |       |    16 ||    16
         Blink             |       |       |     3 ||     3
    Use: Scroll            |       |     7 |     3 ||    10
         Potion            |       |     1 |       ||     1
 Armour: Robe              |    33 |    32 |    35 ||   100
         Skin              |       |    13 |       ||    13
  Dodge: Dodged            |    75 |    99 |   170 ||   344

Table legend: (Time is in decaauts)
 A = Elapsed time spent in this place.
 B = Non-inter-level travel time spent in this place.
 C = Inter-level travel time spent in this place.
 D = Time resting spent in this place.
 E = Time spent auto-exploring this place.
 F = Levels seen in this place.
 G = Mean time per level.
                   A        B        C        D        E       F      G
               +--------+--------+--------+--------+--------+-----+--------+
         Total |   6959 |   6662 |    297 |   1587 |   2996 |   6 | 1159.8 |
       Dungeon |   6959 |   6662 |    297 |   1587 |   2996 |   6 | 1159.8 |
               +--------+--------+--------+--------+--------+-----+--------+

Top non-repeatable levels by time:
     D:4: 1591 daAuts
     D:5: 1499 daAuts
     D:1: 1139 daAuts
     D:6: 1135 daAuts
     D:2: 1005 daAuts
     D:3: 588 daAuts
